 Dungeon Crawl Stone Soup version 0.28.0-43-g3370ac3207 (webtiles) character file.

Game seed: 5950308372056780815

51 Icepheonix32 the Covered (level 3, -2/34 HPs)
             Began as a Deep Dwarf Fighter on Mar 1, 2022.
             Killed by nerve-wracking pain
             ... invoked by an orc priest
              (13 damage)
             ... on level 4 of the Dungeon.
             The game lasted 00:03:12 (1200 turns).

Icepheonix32 the Covered (Deep Dwarf Fighter)       Turns: 1200, Time: 00:03:13

Health: -2/34      AC:  7    Str: 21    XL:     3   Next: 58%
Magic:  3/3        EV:  9    Int:  8    God:
Gold:   24         SH:  4    Dex: 12    Spells: 2/2 levels left

rFire   . . .      SeeInvis .   a - +1 war axe
rCold   . . .      Faith    .   c - +0 buckler
rNeg    . . .      Spirit   .   b - +0 scale mail
rPois   .          Reflect  .   (no helmet)
rElec   .          Harm     .   (no cloak)
rCorr   .          Rampage  .   (no gloves)
Will    .....                   (no boots)
Stlth   ..........              (no amulet)
HPRegen 0.00/turn               h - ring of flight
MPRegen 0.08/turn               (no ring)

@: lethally poisoned (-2 -> -2), weak-willed, flying
A: damage resistance, heal wounds, sense surroundings 1, no regeneration
a: Heal Wounds


You were on level 4 of the Dungeon.
You visited 1 branch of the dungeon, and saw 3 of its levels.

You collected 57 gold pieces.
You spent 33 gold pieces at shops.

Inventory:

Hand Weapons
 a - a +1 war axe (weapon)
 k - a +2 dagger of venom
Armour
 b - a +0 scale mail (worn)
 c - a +0 buckler (worn)
 e - a +0 chain mail
Jewellery
 h - a ring of flight (left hand)
Scrolls
 f - 3 scrolls of amnesia {unknown}
 j - a scroll of noise {unknown}
 n - a scroll of torment {unknown}
 o - a scroll of fog {unknown}
Potions
 d - 2 potions of might
 i - a potion of invisibility {unknown}
 m - a potion of curing


   Skills:
 * Level 3.2 Fighting
 + Level 2.7 Axes
 + Level 3.7 Armour
 + Level 0.7 Dodging
 + Level 3.7 Shields


You had 2 spell levels left.
You didn't know any spells.
Your spell library was empty.

Dungeon Overview and Level Annotations

Branches:
Dungeon (4/15)
 Temple: D:4-7

Altars:

Shops:
D:1 (   D:2 !

Annotations:
D:4 Ijyb


Innate Abilities, Weirdness & Mutations

You are resistant to damage.
You can heal yourself by infusing magical energy.
You passively map a small area around you.
You do not regenerate.


Message History

Magic quickly surges around you.
It was a scroll of vulnerability.
Found a potion of might.
f - 3 scrolls labelled WONI YKINNU An adder comes into view.
The adder hisses angrily.
You see here a potion of might.
An orc comes into view. It is wielding a +0 flail.
The adder bites you but does no damage.
You miss the adder.
The orc shouts!
The adder barely misses you. The adder bites you.
You are poisoned.
The adder poisons you!
You barely miss the adder. The adder barely misses you.
Ijyb the Twisted Goblin comes into view.
She is wielding a +0 club and carrying a wand of polymorph (9).
The adder bites you but does no damage.
You closely miss the adder.
Ijyb shouts!
You hear a shout!
The adder bites you but does no damage.
Ijyb zaps a wand.
You resist with significant effort. The adder bites you but does no damage.
An orc priest comes into view. It is wielding a +0 whip.
A hobgoblin comes into view.
The hobgoblin shouts!
You slash the adder!
The adder is severely wounded.
You hit the orc.
You hear a shout!
The adder barely misses you. You block the orc's attack.
You block the adder's attack.
You hit the adder.
The adder is severely wounded.
You hit the orc.
You kill the orc!
The adder bites you.
You are more poisoned.
The adder poisons you! The adder bites you.
Ijyb zaps a wand.
You resist with significant effort.
The orc priest calls down the wrath of Beogh upon you.
Pain shoots through your body!
You die...

,,,,*,,,,,*,,,,,,,,,*...* ******
,,,,**,,,*#..,,,,...#...#########
,,,,*,,,,.#...,,,...#...........#
,,,,,,,,,,....,*,...............#
*,,*,,,,,,,#.g###..*,...........#
,,***,,,,.*##g....###.#.........#
,,,*,,***..#.......##.#.>.......#
,,,,,,,*,...o...S)..#.##........#
,,*,,,,,,,,,#...@.#*#.##........#
,**,,,,,,,,,##..!####.##........#
,,*,,,,,,,,,*###..........#.#####
,,,,,,,*,,,,,* #..........#.#
,,,*,,***,,*** #............#
,,***,* *,** #..........### *,*
*** *** #..........# ***
#..........# #..........#


You could see Ijyb, an orc priest, an adder and a hobgoblin.

Vanquished Creatures
  An adder (D:2)
  A dart slug (D:1)
  An orc (D:4)
  2 endoplasms
  2 giant cockroaches (D:1)
  5 goblins
  4 hobgoblins
  A jackal (D:1)
  A kobold (D:1)
  2 quokkas
  8 ball pythons
  2 bats (D:2)
  5 frilled lizards
  3 rats
38 creatures vanquished.

Vanquished Creatures (others)
  4 plants (D:2)
4 creatures vanquished.

Grand Total: 42 creatures vanquished

Notes
Turn   | Place    | Note
-------+----------+-------------------------------------------
     0 | D:1      | Icepheonix32 the Deep Dwarf Fighter began the quest for the
                  | Orb.
     0 | D:1      | Reached XP level 1. HP: 20/20 MP: 1/1
   156 | D:1      | Found a faded altar of an unknown god.
   258 | D:1      | Reached XP level 2. HP: 22/27 MP: 2/2
   499 | D:1      | Found Wepanov's Weapon Emporium.
   846 | D:2      | Reached XP level 3. HP: 15/34 MP: 3/3
  1109 | D:2      | Found Emen's Distillery.
  1122 | D:2      | Bought a potion of curing for 33 gold pieces
  1162 | D:2      | You are sucked into a shaft and drop 2 floors!
  1197 | D:4      | Noticed Ijyb
  1200 | D:4      | Killed from afar by an orc priest

Illustrated notes

Levels and vault maps discovered:
D:1:      dpeg_arrival_renting, layout_basic, hellmonk_ecumenical_altar_zigzags,
          serial_shops, nicolae_shop_bloodbath_and_beyond, minmay_cupped
D:2:      layout_rooms, serial_shops, nicolae_shop_hallway_stairs,
          kennysheep_boxes
D:4:      nicolae_cairo_tiling_large_dashed, layout_basic, uniq_ijyb,
          uniq_duvessa

Skill      XL: |  1  2 |
---------------+-------+-----
Fighting       | 3 |  3.2
Axes           | |  2.7
Armour         | |  3.7
Dodging        | |  0.7
Shields        | |  3.7

Action                   || total
-------------------------++-------
Melee: War axe           ||   106
  Use: Scroll            ||     3
Armor: Scale mail        ||    60
Dodge: Dodged            ||    68
Block: Buckler           ||    33
